Map: Magma Mines

Players

IIIIIIIIIIII - Winner!

  • Race: Protoss Protoss
  • League: Grandmaster
  • Spawn Location: 11:00

Naboo - Winner!

  • Race: Zerg Zerg
  • League: Master
  • Spawn Location: 9:00

Musumeci

  • Race: Zerg Zerg
  • League: Diamond
  • Spawn Location: 1:00

MichyMoko

  • Race: Zerg Zerg
  • Spawn Location: 3:00

VOD

Have the link to the VOD?

Description

Time

  • Played on: Feb. 19, 2017, 10:28 a.m.
  • Length: 8:45
Show
View Real Time Build Order
Export as new Build Order

IIIIIIIIIIII Protoss - Winner!

Build Orders: Nexus First, Phoenix Opening 

Get SALT Encoding   

  12  0:01  Probe (Chrono Boost)  
  13  0:12  Probe (Chrono Boost)  
  14  0:23  Probe (Chrono Boost)  
  15  0:43  Pylon  
  15  1:00  Nexus  
  15  1:02  Probe (Chrono Boost)  
  16  1:12  Probe (Chrono Boost)  
  16  1:14  Gateway  
  17  1:24  Assimilator, Probe (Chrono Boost)  
  18  1:39  Assimilator  
  18  1:44  Pylon  
  18  1:46  Probe (Chrono Boost)  
  19  1:49  Pylon  
  19  1:57  Probe (Chrono Boost)  
  20  2:07  Probe (Chrono Boost)  
  21  2:12  Cybernetics Core  
  21  2:18  Probe (Chrono Boost)  
  21  2:19  Probe (Chrono Boost)  
  23  2:28  Probe (Chrono Boost)  
  24  2:31  Probe (Chrono Boost)  
  25  2:39  Probe (Chrono Boost)  
  25  2:42  Probe (Chrono Boost)  
  27  2:52  Stargate  
  27  2:53  Probe (Chrono Boost)  
  27  2:54  Stargate  
  27  2:55  Probe (Chrono Boost)  
  29  3:01  Assimilator  
  29  3:04  Assimilator  
  30  3:06  Probe (Chrono Boost)  
  30  3:09  Warp Gate  
  30  3:14  Probe (Chrono Boost)  
  32  3:20  Probe (Chrono Boost)  
  32  3:25  Mothership Core (Chrono Boost)  
  34  3:32  Phoenix  
  34  3:33  Probe (Chrono Boost)  
  37  3:43  Phoenix  
  37  3:44  Probe (Chrono Boost)  
  37  3:45  Probe (Chrono Boost)  
  41  3:54  Probe (Chrono Boost)  
  43  3:57  Probe (Chrono Boost)  
  43  3:58  Forge  
  43  4:01  Phoenix  
  43  4:03  Pylon  
  45  4:12  Phoenix  
  45  4:15  Probe x2 (Chrono Boost)  
  49  4:22  Phoenix, Pylon  
  49  4:28  Probe (Chrono Boost)  
  52  4:36  Probe (Chrono Boost)  
  52  4:37  Phoenix  
  55  4:40  Photon Cannon  
  55  4:44  Phoenix  
  55  4:50  Probe (Chrono Boost)  
  58  5:02  Phoenix  
  58  5:03  Nexus  
  61  5:08  Probe (Chrono Boost)  
  61  5:12  Gateway  
  62  5:14  Probe (Chrono Boost)  
  62  5:17  Phoenix  
  64  5:47  Probe (Chrono Boost)  
  64  5:48  Void Ray, Probe (Chrono Boost)  
  70  5:57  Pylon  
  70  6:00  Pylon, Twilight Council  
  70  6:04  Pylon  
  70  6:07  Pylon  
  70  6:09  Pylon, Void Ray  
  70  6:11  Pylon  
  70  6:15  Probe (Chrono Boost)  
  75  6:22  Probe (Chrono Boost)  
  75  6:23  Probe (Chrono Boost)  
  77  6:26  Probe (Chrono Boost)  
  79  6:32  Probe (Chrono Boost)  
  79  6:33  Void Ray  
  79  6:38  Assimilator, Probe (Chrono Boost)  
  79  6:39  Assimilator  
  84  6:41  Pylon  
  84  6:46  Void Ray  
  84  6:50  Charge  
  84  6:54  Probe x2 (Chrono Boost)  
  90  7:01  Gateway  
  90  7:02  Gateway  
  90  7:03  Probe (Chrono Boost)  
  90  7:04  Gateway, Probe (Chrono Boost)  
  90  7:07  Gateway  
  93  7:08  Probe (Chrono Boost)  
  93  7:09  Gateway  
  93  7:14  Probe (Chrono Boost)  
  94  7:31  Pylon  
  94  7:32  Probe (Chrono Boost)  
  94  7:33  Probe (Chrono Boost)  
  96  7:40  Gateway  
  96  7:44  Gateway, Void Ray x2  
  96  7:49  Gateway  
  104  7:58  Templar Archives  
  104  8:12  Zealot x4  
  110  8:13  Zealot x3  
  117  8:37  Zealot x3  
  117  8:38  Zealot x2  
Show
View Real Time Build Order
Export as new Build Order

Naboo Zerg - Winner!

Build Orders: Pool First 

Get SALT Encoding   

  12  0:01  Drone  
  13  0:12  Overlord  
  13  0:25  Drone  
  14  0:31  Drone x2  
  16  0:36  Drone  
  17  0:43  Extractor  
  16  0:51  Spawning Pool  
  16  0:53  Drone  
  16  0:58  Drone  
  17  1:09  Drone  
  18  1:19  Drone  
  19  1:31  Hatchery  
  18  1:33  Drone  
  19  1:42  Queen  
  21  1:49  Metabolic Boost  
  21  1:57  Overlord  
  21  2:02  Zergling x2  
  22  2:14  Baneling Nest  
  21  2:18  Zergling x4  
  23  2:28  Zergling x2  
  24  2:34  Zergling x2  
  25  2:43  Zergling x2  
  25  2:44  Queen  
  26  2:45  Zergling x2  
  26  2:50  Drone  
  30  2:52  Drone x2  
  30  2:56  Drone  
  33  3:14  Baneling x5  
  33  3:16  Drone x2  
  33  3:17  Drone  
  36  3:24  Overlord  
  36  3:34  Roach Warren  
  31  3:57  Drone x3  
  31  3:58  Drone  
  35  4:03  Drone, Overlord x2  
  36  4:15  Hatchery  
  36  4:16  Overlord  
  35  4:17  Drone  
  35  4:20  Extractor  
  35  4:22  Baneling x4  
  35  4:24  Drone  
  35  4:26  Drone  
  35  4:30  Drone  
  38  4:31  Drone  
  38  4:33  Drone  
  38  4:35  Drone  
  41  4:40  Drone x2  
  41  4:45  Drone x2  
  45  4:50  Lair  
  45  4:56  Drone  
  45  4:57  Evolution Chamber  
  45  4:58  Drone  
  46  5:01  Drone, Extractor  
  46  5:02  Drone  
  46  5:04  Drone  
  48  5:08  Roach  
  48  5:10  Roach  
  48  5:12  Roach  
  55  5:14  Drone  
  55  5:18  Extractor  
  55  5:19  Drone x2  
  56  5:28  Drone x2  
  56  5:29  Drone x4  
  56  5:30  Drone  
  63  5:36  Drone  
  63  5:38  Drone x2  
  66  5:46  Baneling  
  66  5:47  Baneling  
  66  5:59  Drone  
  66  6:00  Overlord x3  
  66  6:08  Zerg Ground Armor Level 1  
  66  6:13  Drone, Evolution Chamber  
  66  6:19  Drone x3  
  66  6:20  Drone x4  
  66  6:21  Drone  
  66  6:24  Drone  
  75  6:29  Glial Reconstitution  
  75  6:30  Roach  
  75  6:31  Centrifical Hooks  
  75  6:32  Roach x3  
  83  6:34  Roach  
  83  6:35  Roach  
  83  6:37  Roach  
  83  6:39  Zerg Missile Weapons Level 1  
  89  6:40  Overlord x2  
  89  6:42  Overlord x2  
  89  6:46  Extractor  
  88  6:48  Extractor  
  87  6:55  Roach  
  87  6:59  Overlord  
  87  7:00  Roach x2  
  93  7:03  Hatchery  
  93  7:04  Roach x2  
  93  7:06  Roach  
  98  7:09  Roach x2  
  98  7:12  Roach  
  98  7:14  Roach  
  108  7:15  Roach  
  108  7:16  Roach  
  108  7:17  Roach x2  
  108  7:21  Roach  
  116  7:25  Roach  
  116  7:26  Queen  
  116  7:27  Roach  
  122  7:31  Roach  
  122  7:34  Roach  
  122  7:35  Roach x2  
  130  7:43  Overlord x4  
  130  8:04  Roach x6  
  130  8:05  Roach x3  
  148  8:06  Ravager  
  148  8:07  Ravager x3  
  148  8:08  Zergling x4  
  154  8:13  Zergling x6  
  154  8:15  Zergling x4  
  154  8:18  Zergling x2  
  154  8:19  Zergling x2  
Show
View Real Time Build Order
Export as new Build Order

Musumeci Zerg 

Build Orders: Hatch First 

Get SALT Encoding   

  12  0:01  Drone  
  13  0:08  Drone  
  14  0:14  Extractor  
  14  0:16  Drone  
  15  0:41  Hatchery  
  14  0:45  Extractor  
  14  0:46  Drone  
  15  1:07  Spawning Pool  
  14  1:16  Overlord  
  14  1:20  Drone, Extractor  
  14  1:21  Extractor  
  14  1:22  Drone  
  16  1:44  Extractor  
  15  1:54  Zergling x2  
  15  1:55  Zergling x6  
  15  2:00  Queen  
  21  2:07  Drone  
  22  2:27  Extractor  
  22  2:29  Drone x2  
  26  2:30  Drone x3  
  26  2:33  Queen  
  28  2:52  Overlord  
  28  3:10  Queen  
  28  3:12  Metabolic Boost  
  30  3:16  Drone x6  
  30  3:18  Baneling Nest  
  35  3:20  Drone, Roach Warren  
  35  3:21  Drone  
  34  4:07  Drone  
  34  4:08  Drone  
  36  4:12  Overlord x2  
  36  4:13  Overlord x3  
  36  4:18  Baneling x4  
  36  4:21  Overlord  
  36  4:23  Extractor  
  35  4:29  Extractor x2  
  35  4:30  Drone x4  
  35  4:31  Drone  
  38  4:42  Spore Crawler  
  37  5:08  Spore Crawler  
  37  5:09  Spore Crawler  
  37  5:10  Drone  
  37  5:11  Drone x2  
  37  5:13  Lair, Spore Crawler  
  37  5:15  Zergling x2  
  37  5:16  Zergling x8  
  39  6:03  Drone x2  
  39  6:04  Drone x3  
  39  6:06  Roach x2  
  39  6:07  Roach x5  
  39  6:10  Glial Reconstitution  
  54  6:16  Queen x2  
  54  6:52  Hydralisk Den  
  47  7:11  Overlord x3  
  47  7:17  Evolution Chamber  
  47  7:19  Roach  
  47  7:20  Roach x10  
  47  7:22  Muscular Augments  
  68  7:42  Hydralisk x7  
  82  7:50  Hydralisk  
  84  7:59  Hydralisk x2  
  88  8:08  Hydralisk x2  
  92  8:20  Overlord x2  
  92  8:21  Overlord  
Show
View Real Time Build Order
Export as new Build Order

MichyMoko Zerg 

Build Orders: Hatch First 

Get SALT Encoding   

  12  0:02  Drone  
  13  0:12  Overlord  
  13  0:18  Drone  
  14  0:34  Drone  
  14  0:35  Drone  
  16  0:44  Drone  
  17  0:59  Drone  
  17  1:01  Hatchery  
  17  1:13  Spawning Pool  
  17  1:18  Drone  
  17  1:24  Extractor  
  16  1:29  Drone  
  16  1:30  Drone  
  18  1:37  Drone  
  19  1:42  Drone  
  20  1:54  Drone  
  21  2:03  Overlord  
  21  2:13  Queen  
  21  2:14  Queen  
  25  2:16  Zergling x4  
  27  2:34  Zergling x4  
  29  2:41  Drone x2  
  31  2:51  Zergling x4  
  33  2:57  Queen  
  35  3:02  Drone  
  36  3:06  Overlord  
  36  3:23  Overlord x2  
  36  3:24  Roach Warren  
  35  3:29  Extractor  
  34  3:34  Drone  
  34  3:35  Drone  
  34  3:41  Zergling x6  
  32  3:42  Zergling x8  
  37  3:52  Zergling x2  
  37  3:53  Zergling x2  
  32  4:08  Drone x3  
  32  4:09  Drone  
  36  4:10  Drone x2  
  36  4:16  Queen  
  40  4:19  Drone x2  
  42  4:28  Drone x2  
  44  4:41  Roach x2  
  44  4:45  Spore Crawler  
  47  4:50  Queen, Spore Crawler  
  48  5:01  Roach x2  
  48  5:03  Overlord x2  
  52  5:08  Metabolic Boost  
  52  5:38  Queen  
  52  5:45  Spore Crawler  
  52  5:47  Overlord  
  52  5:49  Overlord  
  51  6:00  Lair  
  49  6:26  Spore Crawler  
  49  6:30  Queen  
  49  6:31  Drone  
  49  6:32  Drone x11  
  60  6:33  Drone x4  
  64  7:00  Hydralisk Den  
  63  7:29  Hydralisk  
  63  7:30  Extractor, Hydralisk x6  
  63  7:31  Extractor  
  75  7:48  Overlord x2  
  75  7:49  Overlord x3  
  75  8:06  Hatchery, Queen  
  75  8:07  Overlord x3  
  75  8:08  Hydralisk  
  75  8:09  Hydralisk  
  80  8:22  Evolution Chamber  
  80  8:23  Evolution Chamber  
Tags
 
Add a new tag
Caveats
  • Supply blocks, unpowered buildings, or Contaminate may cause inaccurate times.
  • Supply counts are checked every 10 seconds.